 Dungeon Crawl Stone Soup version 0.32-a0-872-g59262bdc9b (webtiles) character file.

Game seed: 5163031675254611047

77114 Notanamesir the Metamorph (level 15, -7/172 (187) HPs)
             Began as a Merfolk Shapeshifter on Mar 30, 2024.
             Was the Champion of Ru.
             Mangled by a sphinx zombie (13 damage)
             ... on level 15 of the Dungeon.
             The game lasted 00:46:47 (19971 turns).

Notanamesir the Metamorph (Merfolk Shapeshifter)   Turns: 19971, Time: 00:46:47

HP:   -7/172 (187)  AC: 14    Str: 29    XL:     15   Next: 55%
MP:   0/15          EV: 17    Int: 10    God:    Ru [******]
Gold: 765           SH:  0    Dex: 21    Spells: 14/14 levels left

rFire   + +          +
                       - Unarmed
rCold   . . .        (shield unavailable)
rNeg    . . .        (body armour currently unavailable)
rPois   +            f - melded +2 hat
rElec   .            b - melded +1 cloak "Xoamyzoh" {rPois rC+}
rCorr   .            (gloves currently unavailable)
SInv    .            (boots currently unavailable)
Will    +....        s - amulet "Faotuar" {Spirit Str+5} Stlth
                     (ring unavailable)
HPRegen 0.48/turn    B - ring of the Scavenger {+Blink rF+ rC+ Stlth+}
MPRegen 0.14/turn

%: inaccuracy (-5), guardian spirit
@: exhausted, short of breath, dragon-form, flying, studying Maces & Flails,
drained
A: dragon claw, dragon scales, breathe fire, flying, boosted hp, giant, missing
a hand, no stealth, hated by all, missing an eye, (nimble swimmer 2), (mertail)
a: Breathe Fire, Begin Untransformation, Renounce Religion, Evoke Blink, Draw
Out Power, Power Leap, Apocalypse


You were on level 15 of the Dungeon.
You worshipped Ru.
Ru was exalted by your worship.
You were a fearsome dragon!
You visited 3 branches of the dungeon, and saw 22 of its levels.
You also visited: Ossuary.

You collected 2373 gold pieces.
You spent 1608 gold pieces at shops.

Inventory:

Missiles
 o - 14 throwing nets
Armour
 b - the +1 cloak "Xoamyzoh" (melded) {rPois rC+}
   (You found it on level 5 of the Dungeon)

   rC+:       It protects you from cold.
   rPois:     It protects you from poison.
 f - a +2 hat (melded)
 H - the +0 pair of boots of the Pleiades {rPois Will- Str+4}
   (You found it on level 13 of the Dungeon)

   Str+4:     It affects your strength (+4).
   rPois:     It protects you from poison.
   Will-:     It decreases your willpower.
Jewellery
 c - a ring of willpower
 s - the amulet "Faotuar" (around neck) {Spirit Str+5}
   (You bought it in a shop on level 2 of the Orcish Mines)

   [amulet of guardian spirit]

   Spirit:    It causes incoming damage to be divided between your reserves of
   health and magic.
   Str+5:     It affects your strength (+5).
 x - a ring of see invisible
 B - the ring of the Scavenger (right foreclaw) {+Blink rF+ rC+ Stlth+}
   (You bought it in a shop on level 2 of the Orcish Mines)

   [ring of protection from fire]

   rF+:       It protects you from fire.
   rC+:       It protects you from cold.
   +Blink:    It lets you blink.
   Stlth+:    It makes you more stealthy.
 F - a ring of resist corrosion
Talismans
 r - a dragon-blood talisman (active)
Wands
 h - a wand of mindburst (9)
 i - a wand of roots (20)
 p - a wand of paralysis (23)
 u - a wand of acid (6)
 z - a wand of flame (31)
 A - a wand of digging (10)
Scrolls
 a - 2 scrolls of enchant weapon
 l - 4 scrolls of teleportation
 y - 5 scrolls of identify
 C - 5 scrolls of enchant armour
 D - a scroll of fear
 E - a scroll of torment
 G - 2 scrolls of silence
Potions
 d - a potion of haste
 e - 2 potions of invisibility
 g - 2 potions of cancellation
 k - a potion of magic
 m - 3 potions of enlightenment
 n - 2 potions of mutation
 q - a potion of lignification
 v - 6 potions of curing
 w - 2 potions of brilliance


   Skills:
 + Level 13.7 Fighting
 + Level 16.3 Dodging
 + Level 14.4 Unarmed Combat
 + Level 19.7 Shapeshifting


You had 14 spell levels left.
You didn't know any spells.
Your spell library contained the following spells:

 Spells                   Type           Power      Damage    Failure   Level
 Ensorcelled Hibernation  Hex/Ice        0%         N/A       50%         2
 Mercury Vapours          Alch/Air       0%         N/A       50%         2
 Scorch                   Fire           0%         2d5       50%         2
 Frozen Ramparts          Ice            0%         1d1       75%         3
 Fugue of the Fallen      Necr           0%         N/A       75%         3
 Mephitic Cloud           Conj/Alch/Air  0%         N/A       75%         3
 Ozocubu's Armour         Ice            0%         N/A       75%         3
 Sigil of Binding         Hex            0%         N/A       75%         3
 Anguish                  Hex/Necr       0%         N/A       98%         4
 Dimensional Bullseye     Hex/Tloc       0%         N/A       98%         4
 Flame Wave               Conj/Fire      0%         2d4       98%         4
 Ignite Poison            Fire/Alch      0%         N/A       98%         4
 Sticky Flame             Fire/Alch      0%         2d4       98%         4
 Freezing Cloud           Conj/Ice/Air   0%         6-21      100%        5
 Lee's Rapid Deconstruct  Erth           0%         3d4*      100%        5
 Metabolic Englaciation   Hex/Ice        0%         N/A       100%        5
 Ignition                 Fire           0%         3d3       100%        8
 Call Canine Familiar     Summ           Unusable   N/A       N/A         3
 Animate Armour           Summ/Erth      Unusable   N/A       N/A         4
 Summon Lightning Spire   Summ/Air       Unusable   N/A       N/A         4
 Summon Cactus Giant      Summ           Unusable   N/A       N/A         6

Dungeon Overview and Level Annotations

Branches:
Dungeon (15/15)            Temple (0/1) D:4            Lair (5/5) D:8
  Swamp (0/4) Lair:2        Snake (0/4) Lair:3        Slime (0/5) Lair:4
    Orc (2/2) D:12            Elf (0/3) Orc:2        Vaults (0/5) D:14
 Depths (0/4) D:15        Ossuary (visited)

Altars:
Ashenzari
Dithmenos
Gozag
Kikubaaqudgha
Makhleb
Okawaru
Qazlal
Ru
Sif Muna
Zin
The Shining One

Shops:
D:4 *   D:5 (   D:10 !   Orc:1 *   Orc:2 *[:(*(==:

Portals:
Hell: Lair:5
Trove: D:12 (give +4 storm dragon scales)


Innate Abilities, Weirdness & Mutations

You are a fearsome dragon!
You have a powerful clawing attack.
Your giant scaled body is strong and resilient, but less evasive.
You can breathe fire.
You are flying.
Your maximum health is greatly increased.
Your armour is entirely melded.
You are incapable of wielding weapons or throwing items.
You are missing a hand.
You cannot be stealthy.
You are hated by all.
You are missing an eye, making it more difficult to aim.
((You are very nimble when in or above water. (Stealth+, EV+, Speed+++)))
((Your lower body shifts to a powerful aquatic tail in water.))


Message History

* * * LOW HITPOINT WARNING * * *
The sphinx zombie misses you.
The manticore bites you but does no damage.
The manticore claws you but does no damage.
The manticore claws you.
* * * LOW HITPOINT WARNING * * *
The skeletal warrior hits you with a +0 scimitar!
* * * LOW HITPOINT WARNING * * *
You closely miss the skeletal warrior.
Your tail-slap misses the skeletal warrior.
You bite the skeletal warrior, but do no damage.
The skeletal warrior is almost destroyed.
The spriggan berserker zombie misses you.
The sphinx zombie hits you but does no damage.
The sphinx zombie hits you.
* * * LOW HITPOINT WARNING * * *
The sphinx zombie hits you but does no damage.
The skeletal warrior is stunned by your conviction and fails to attack.
The manticore completely misses you. The manticore barely misses you.
The manticore claws you but does no damage.
The skeletal warrior hits you but does no damage.
The necromancer misses you.
Okay, then.
You bite the skeletal warrior!!
You destroy the skeletal warrior!
The spriggan berserker zombie is stunned by your conviction and fails to attack.
Unknown command.
Unknown command.
You claw the necromancer!
Your tail-slap misses the necromancer.
The necromancer is moderately wounded.
The necromancer is no longer moving slowly.
The manticore closely misses you. The manticore claws you!
* * * LOW HITPOINT WARNING * * *
The manticore claws you.
* * * LOW HITPOINT WARNING * * *
The skeletal warrior hits you from afar with a +0 trident!!
* * * LOW HITPOINT WARNING * * *
The sphinx zombie hits you!
You die...
Ru respects your ultimate sacrifice.

..........P.#
..ß.P..P.ß...#
....P........###
..ß..ß>....P....
.ß..Pßß.ß.....?.
...ß.....z...#
PP....ßHZ)...# #
......PpDP...#.#
#....P...ZP..!.#
##ß.........####
####.......#
#......)##.#
#.......# .#
#.#####.##.#
#..####<##.......#
#..........##.####


You could see a skeletal warrior, a manticore (soul bound), a necromancer, a
sphinx zombie and a spriggan berserker zombie.

Vanquished Creatures
  Rupert (Lair:3)
  An orc warlord (Orc:2)
  Nessos (D:14)
  A dire elephant (Lair:5)
  Snorg (D:12)
  Josephine (Orc:2)
  Harold (D:10)
  4 hydras
  An ogre mage (Orc:2)
  4 boulder beetles
  A hell beast (Lair:5)
  3 centaur warriors (D:14)
  9 two-headed ogres
  2 orc high priests (Orc:2)
  A vampire mage (D:15)
  A demonic crawler (Lair:4)
  Nergalle (D:11)
  2 skysharks (Lair:4)
  2 skeletal warriors (D:15)
  Pikel (D:6)
  A lindwurm (Lair:5)
  A bog body (Lair:2)
  2 arcanists
  A deep elf pyromancer (D:13)
  5 orc knights
  2 ugly things
  A salamander (Lair:3)
  2 orc sorcerers (Orc:2)
  2 manticores
  2 cyclopes
  Joseph (D:8)
  5 elephants (Lair:2)
  4 black mambas
  A kobold blastminer (Orc:1)
  12 cane toads
  2 orange demons (Lair:5)
  An unseen horror (D:12)
  A kobold demonologist (D:12)
  A smoke demon (Lair:5)
  11 komodo dragons
  2 torpor snails
  5 rime drakes
  2 ice devils (Lair:5)
  A tengu conjurer (D:14)
  2 red devils (Lair:5)
  A tyrant leech (Lair:4)
  Grinder (D:3)
  3 trolls
  A polar bear (Lair:5)
  2 hornets (D:9)
  6 blink frogs
  A dream sheep (Lair:5)
  Sigmund (D:6)
  3 slime creatures (D:14)
  A shadow (D:12)
  6 wyverns
  6 wraiths
  16 humans (D:14)
  77 yaks
  4 basilisks
  6 steam dragons
  3 wargs (Orc:2)
  4 vampire mosquitoes (D:14)
  3 nagas (Lair:3)
  3 swamp worms (Lair:4)
  11 water moccasins
  3 hell hounds (Lair:5)
  18 orc warriors
  7 ogres
  6 black bears
  An ice beast (D:6)
  3 centaurs
  12 wolves
  3 lemures (D:6)
  An elf zombie (Ossuary)
  4 kobold brigands
  3 gnoll sergeants
  15 bullfrogs
  3 scorpions
  2 burial acolytes (Ossuary)
  12 wights (D:9)
  4 electric eels
  9 howler monkeys
  8 jellies
  14 orc priests
  4 bombardier beetles
  4 hounds
  2 human zombies (Ossuary)
  4 gnoll boudas
  Jessica (D:3)
  4 iguanas
  14 orc wizards
  9 hell rats
  3 mummies
  A howler monkey zombie (Ossuary)
  33 gnolls
  4 adders
  18 river rats (D:7)
  3 white imps
  2 ufetubi (D:6)
  A ribbon worm (D:4)
  49 orcs
  5 endoplasms
  6 giant cockroaches
  A gnoll zombie (Ossuary)
  5 hobgoblins
  5 jackals
  20 kobolds
  2 quokkas (D:2)
  5 ball pythons
  4 bats
  A frilled lizard (D:1)
  10 goblins
  4 rats
  A butterfly (Lair:1)
621 creatures vanquished.

Vanquished Creatures (others)
  A hydra (Lair:5)
  An orc priest (Orc:2)
  A hell rat (D:7)
  A gnoll (D:10)
  5 orcs
9 creatures vanquished.

Grand Total: 630 creatures vanquished

Notes
Turn   | Place    | Note
-------+----------+-------------------------------------------
     0 | D:1      | Notanamesir the Merfolk Shapeshifter began the quest for
                  | the Orb.
     0 | D:1      | Reached XP level 1. HP: 15/15 MP: 1/1
   100 | D:1      | Found a faded altar of an unknown god.
   306 | D:1      | Reached XP level 2. HP: 18/21 MP: 2/2
   601 | D:1      | Reached skill level 5 in Shapeshifting
   776 | D:2      | Reached XP level 3. HP: 26/26 MP: 3/3
  1005 | D:2      | Found a broken altar of Ashenzari.
  1413 | D:3      | Noticed Grinder
  1414 | D:3      | Paralysed by Grinder for 4 turns
  1435 | D:3      | Killed Grinder
  1436 | D:3      | Reached skill level 7 in Shapeshifting
  1436 | D:3      | Reached skill level 8 in Shapeshifting
  1436 | D:3      | Reached XP level 4. HP: 27/32 MP: 4/4
  1436 | D:3      | Reached XP level 5. HP: 30/37 MP: 5/5
  1436 | D:3      | Reached XP level 6. HP: 36/43 MP: 6/6
  1908 | D:3      | Noticed Jessica
  1914 | D:3      | Killed Jessica
  1920 | D:3      | Found a glowing silver altar of Zin.
  1920 | D:3      | Found a sacrificial altar of Ru.
  1930 | D:3      | Became a worshipper of Ru the Awakened
  2172 | D:4      | Found a staircase to the Ecumenical Temple.
  2277 | D:4      | Reached XP level 7. HP: 43/48 MP: 7/7
  2305 | D:4      | Reached skill level 9 in Shapeshifting
  2331 | D:4      | Found a sand-covered staircase.
  2340 | Ossuary  | Entered an ossuary
  2340 | Ossuary  | Found a huge runed translucent gate.
  2340 | Ossuary  | Found a huge runed translucent gate.
  2340 | Ossuary  | Found a huge runed translucent gate.
  2340 | Ossuary  | Found a huge runed translucent gate.
  2340 | Ossuary  | Found a huge runed translucent gate.
  2340 | Ossuary  | Found a huge runed translucent gate.
  2340 | Ossuary  | Found a huge runed translucent gate.
  2340 | Ossuary  | Found a huge runed translucent gate.
  2404 | Ossuary  | Found a huge runed translucent gate.
  2404 | Ossuary  | Found a huge runed translucent gate.
  2404 | Ossuary  | Found a huge runed translucent gate.
  2405 | Ossuary  | Found a huge runed translucent gate.
  2405 | Ossuary  | Found a huge runed translucent gate.
  2407 | Ossuary  | Found a huge runed translucent gate.
  2407 | Ossuary  | Found a huge runed translucent gate.
  2558 | Ossuary  | Found a huge runed translucent gate.
  2558 | Ossuary  | Found a huge runed translucent gate.
  2558 | Ossuary  | Found a huge runed translucent gate.
  2558 | Ossuary  | Found a huge runed translucent gate.
  2558 | Ossuary  | Found a huge runed translucent gate.
  2559 | Ossuary  | Found a huge runed translucent gate.
  2559 | Ossuary  | Found a huge runed translucent gate.
  2561 | Ossuary  | Found a huge runed translucent gate.
  2561 | Ossuary  | Found a huge runed translucent gate.
  2562 | Ossuary  | Found a huge runed translucent gate.
  2562 | Ossuary  | Found a huge runed translucent gate.
  2563 | Ossuary  | Found a huge runed translucent gate.
  2563 | Ossuary  | Found a huge runed translucent gate.
  2565 | Ossuary  | Found a huge runed translucent gate.
  2565 | Ossuary  | Found a huge runed translucent gate.
  2594 | Ossuary  | Found a huge runed translucent gate.
  2594 | Ossuary  | Found a huge runed translucent gate.
  2594 | Ossuary  | Found a huge runed translucent gate.
  2594 | Ossuary  | Found a huge runed translucent gate.
  2594 | Ossuary  | Found a huge runed translucent gate.
  2651 | Ossuary  | Reached skill level 10 in Shapeshifting
  2813 | D:4      | Reached skill level 5 in Unarmed Combat
  2813 | D:4      | Reached XP level 8. HP: 44/56 MP: 8/8
  2888 | D:4      | Found a stormy altar of Qazlal.
  3049 | D:4      | You fall into a shaft and drop 2 floors!
  3258 | D:6      | Found an opulent altar of Gozag.
  3260 | D:6      | Gained mutation: You cannot be stealthy. [Ru sacrifice]
  3269 | D:6      | Reached skill level 5 in Dodging
  3353 | D:5      | Entered Level 5 of the Dungeon
  3468 | D:4      | Reached XP level 9. HP: 65/65 MP: 9/9
  3469 | D:4      | Found Caplan Oqoz's General Store.
  3591 | D:4      | Found a basalt altar of Yredelemnul.
  3685 | D:5      | Reached skill level 11 in Shapeshifting
  3702 | D:5      | Found Oneptuki's Antique Weapon Shoppe.
  3797 | D:5      | Identified the +1 cloak "Xoamyzoh" {rPois rC+}
  3831 | D:5      | Found the +7 Throatcutter {drain, coup de grace}
  3921 | D:5      | Found an iron altar of Okawaru.
  3993 | D:5      | Found an ancient bone altar of Kikubaaqudgha.
  4011 | D:5      | Found a glowing golden altar of the Shining One.
  4211 | D:6      | Noticed Sigmund
  4220 | D:6      | Killed Sigmund
  4232 | D:6      | Reached skill level 5 in Fighting
  4419 | D:6      | Found a shimmering blue altar of Sif Muna.
  4788 | D:6      | Noticed Pikel
  4808 | D:6      | Killed Pikel
  4809 | D:6      | Reached XP level 10. HP: 76/76 MP: 10/10
  5006 | D:7      | Reached skill level 12 in Shapeshifting
  5160 | D:7      | Gained mutation: You are hated by all. [Ru sacrifice]
  5160 | D:7      | Reached * piety under Ru
  5160 | D:7      | Reached ** piety under Ru
  6034 | D:7      | Found the +2 ratskin cloak {*Rats rPois rN+ Str-1 Int-1
                  | Dex+1}
  6107 | D:8      | Noticed Joseph
  6120 | D:8      | Paralysed by Joseph for 4 turns
  6127 | D:8      | Killed Joseph
  6931 | D:8      | Found a staircase to the Lair.
  7183 | D:9      | Reached XP level 11. HP: 86/86 MP: 11/11
  7207 | D:9      | Noticed a boulder beetle
  7226 | D:9      | Killed a boulder beetle
  7227 | D:9      | Reached skill level 10 in Dodging
  7227 | D:9      | Reached skill level 13 in Shapeshifting
  7290 | D:9      | Gained mutation: You are missing a hand. [Ru sacrifice]
  7290 | D:9      | Reached *** piety under Ru
  7290 | D:9      | Reached **** piety under Ru
  7290 | D:9      | Reached ***** piety under Ru
  8136 | D:10     | Entered Level 10 of the Dungeon
  8158 | D:10     | Reached skill level 10 in Unarmed Combat
  8427 | D:10     | Noticed a two-headed ogre
  8433 | D:10     | Killed a two-headed ogre
  8643 | D:10     | Found Raoqepn's Distillery.
  8653 | D:10     | Bought a potion of enlightenment for 65 gold pieces
  8653 | D:10     | Bought a potion of might for 52 gold pieces
  8653 | D:10     | Bought a potion of heal wounds for 65 gold pieces
  8653 | D:10     | Bought 2 potions of heal wounds for 130 gold pieces
  8809 | D:10     | Noticed Harold
  8810 | D:10     | Gained mutation: You are missing an eye, making it more
                  | difficult to aim. [Ru sacrifice]
  8810 | D:10     | Reached ****** piety under Ru
  8818 | D:10     | Killed Harold
  8819 | D:10     | Reached skill level 14 in Shapeshifting
  8970 | D:10     | Reached XP level 12. HP: 96/96 MP: 12/12
  8984 | D:10     | Identified the +8 hand axe of the Coward {flame, rElec rC-
                  | rN+ Will+}
  8993 | D:10     | Found a broken altar of Ashenzari.
  9334 | D:11     | Noticed Nergalle
  9342 | D:11     | Killed Nergalle
  9466 | D:11     | Noticed a two-headed ogre
  9470 | D:11     | Killed a two-headed ogre
  9534 | D:11     | Reached skill level 15 in Shapeshifting
  9550 | D:11     | Identified the +6 dagger of Idytur {venom, *Slow rF+ Int+3
                  | Stlth+}
  9844 | D:12     | Noticed Snorg
  9859 | D:12     | Killed Snorg
  9864 | D:12     | Reached skill level 16 in Shapeshifting
 10310 | D:12     | Noticed a boulder beetle
 10316 | D:12     | Found a staircase to the Orcish Mines.
 10338 | D:12     | Killed a boulder beetle
 10487 | D:12     | Found a portal to a secret trove of treasure.
 10783 | D:12     | Found a sacrificial altar of Ru.
 10936 | Lair:1   | Entered Level 1 of the Lair of Beasts
 11073 | Lair:1   | Noticed a seven-headed hydra
 11086 | Lair:1   | Reached skill level 17 in Shapeshifting
 11089 | Lair:1   | Killed a ten-headed hydra
 11352 | Lair:1   | Reached skill level 10 in Fighting
 11376 | Lair:1   | Reached XP level 13. HP: 103/103 MP: 10/13
 12367 | Lair:2   | You are sucked into a shaft and drop 1 floor!
 12372 | Lair:3   | Noticed Rupert
 12372 | Lair:3   | Paralysed by Rupert for 3 turns
 12378 | Lair:3   | Paralysed by Rupert for 5 turns
 12390 | Lair:3   | Killed Rupert
 12827 | Lair:2   | Found a staircase to the Swamp.
 13570 | Lair:3   | Found a staircase to the Snake Pit.
 14164 | Lair:3   | Reached skill level 18 in Shapeshifting
 14818 | Lair:4   | Reached XP level 14. HP: 113/113 MP: 12/14
 15110 | Lair:4   | Found a staircase to the Slime Pits.
 15349 | Lair:5   | Entered Level 5 of the Lair of Beasts
 15815 | Lair:5   | Noticed a dire elephant
 15824 | Lair:5   | Killed a dire elephant
 15853 | Lair:5   | Found a burning altar of Makhleb.
 15966 | Lair:5   | Found a gateway to Hell.
 16771 | D:13     | Reached skill level 15 in Dodging
 17001 | D:13     | Identified the +0 pair of boots of the Pleiades {rPois
                  | Will- Str+4}
 17263 | Orc:1    | Entered Level 1 of the Orcish Mines
 17470 | Orc:2    | Entered Level 2 of the Orcish Mines
 17483 | Orc:2    | Found Luqanomm's Jewellery Shoppe.
 17520 | Orc:2    | Reached skill level 19 in Shapeshifting
 17522 | Orc:2    | Noticed an orc warlord
 17529 | Orc:2    | Noticed Josephine
 17541 | Orc:2    | Killed an orc warlord
 17542 | Orc:2    | Reached XP level 15. HP: 80/123 MP: 5/15
 17563 | Orc:2    | Killed Josephine
 17957 | Orc:2    | Found a staircase to the Elven Halls.
 18189 | Orc:2    | Found Byecoovo's Antique Weapon Emporium.
 18211 | Orc:2    | Found Rosivach's Assorted Antiques.
 18254 | Orc:2    | Found Leocsu's Antique Armour Emporium.
 18372 | Orc:2    | Found Xunloo Ampe's General Store.
 18387 | Orc:2    | Found Quaqiohi's Book Emporium.
 18474 | Orc:2    | Found Gonkoom's Jewellery Boutique.
 18594 | Orc:2    | Found Nizel's Weapon Shop.
 18626 | Orc:2    | Found Qeckugy's Book Shoppe.
 18836 | Orc:1    | Found Putubeg's Assorted Antiques.
 18996 | Orc:2    | Bought the amulet "Faotuar" {Spirit Str+5} for 760 gold
                  | pieces
 19028 | Orc:2    | Bought the ring of the Scavenger {+Blink rF+ rC+ Stlth+}
                  | for 536 gold pieces
 19110 | D:14     | Noticed Nessos
 19110 | D:14     | Found a gate to the Vaults.
 19112 | D:14     | Killed Nessos
 19687 | D:14     | Found a shadowy altar of Dithmenos.
 19930 | D:15     | Entered Level 15 of the Dungeon
 19947 | D:15     | Found a staircase to the Depths.
 19971 | D:15     | HP: 6/172 [skeletal warrior/+0 trident (20)]
 19971 | D:15     | Mangled by a sphinx zombie

Illustrated notes

Levels and vault maps discovered:
D:1:      wander_arrival_fairy_ring, layout_basic,
          chequers_ecumenical_altar_simple, hex_large
D:2:      layout_rooms, basic_altar, minmay_misc_feat_columns
D:3:      layout_loops_ring, minitemple, uniq_grinder, uniq_jessica
D:4:      minmay_spotlight, layout_basic, pf_just_have_faith,
          kennysheep_mini_moat, minmay_temple_entry_arrows,
          gup_ossuary_entry_pyramid, serial_shops,
          nicolae_shop_advertising_works [nicolae_subvault_shop_adworks]
D:5:      layout_cave_pools, lemuel_tele_altar, mainiacjoe_overflow_alcove_2,
          old_standard_altar, serial_shops, nicolae_shop_crystal
D:6:      cheibrodos_thug_alley, layout_rooms, lemuel_round_altar,
          grunt_gozag_statues, uniq_pikel, uniq_sigmund
D:7:      layout_loops_corners, wander_guarded_unrand_ratskin
D:8:      layout_rooms, erik_lair_dragon, minmay_misc_feat_cross,
          minmay_misc_feat_roman, uniq_joseph
D:9:      layout_irregular_city
D:10:     layout_cave_pools, cheibrodos_ashenzari_chains, serial_gnoll_camp,
          gnoll_camp_medium_01, gnoll_camp_mini_loothouse, gnoll_camp_medium_02,
          gnoll_camp_mini_shop, grunt_decor_junction, uniq_harold
D:11:     layout_roguey, uniq_nergalle
D:12:     layout_roguey, orc_0_dummy, nicolae_trove_entry_isolated,
          nicolae_ru_the_path_less_chosen, uniq_snorg
D:13:     layout_cave_pools
D:14:     layout_irregular_city, david_vaults_3,
          grunt_dithmenos_smoke_and_mirrors
D:15:     gammafunk_depths_entry_grave, layout_loops_cross, vehumet_crystals
Lair:1:   layout_gridlike, lemuel_fruit_fields, infiniplex_staircase_pool_2,
          serial_bayou_shore_a
Lair:2:   layout_gridlike, skrybe_swamp_entry_bodies,
          chequers_serial_rivers_micro_a
Lair:3:   layout_small_grid, alex1729_snake_entry_snake,
          infiniplex_staircase_pool, uniq_rupert
Lair:4:   layout_gridlike, nicolae_slime_entry_field_trip,
          nicolae_lair_grove_arrangements, worms_lemuel
Lair:5:   evil_forest, layout_gridlike
Orc:1:    layout_caves, serial_shops, nicolae_shop_crystal
Orc:2:    grunt_orc_cross, layout_caves, serial_shops, shop, shop,
          nicolae_shop_tiny_real_fake_doors, nicolae_shop_back_alley_shop, shop,
          david_defended_altar_orc, uniq_josephine

Skill      XL: |  1  2  3  4  5  6  7  8  9 10 11 12 13 14 15 |
---------------+----------------------------------------------+-----
Shapeshifting  | 5 8 10 11 12 14 17 18 19 | 19.7
Unarmed Combat | 4 5 6 7 9 10 11 12 13 14 | 14.4
Dodging        | 3 5 7 9 11 12 13 15 16 | 16.3
Fighting       | 4 6 7 9 10 11 13 | 13.7

Action                     |  1- 3 |  4- 6 |  7- 9 | 10-12 | 13-15 || total
---------------------------+-------+-------+-------+-------+-------++-------
  Melee: Unarmed           |    76 |   129 |   266 |   585 |   558 ||  1614
         Punch             |     2 |       |     3 |       |       ||     5
         Constrict         |       |       |     3 |   142 |       ||   145
         Tailslap          |       |       |       |     5 |    73 ||    78
         Bite              |       |       |       |     3 |    64 ||    67
  Throw: Dart              |     5 |       |       |       |       ||     5
 Invoke: Sacrifice Stealth |       |       |     1 |       |       ||     1
         Sacrifice Love    |       |       |       |     1 |       ||     1
         Sacrifice a Hand  |       |       |       |     1 |       ||     1
         Sacrifice an Eye  |       |       |       |     1 |       ||     1
         Power Leap        |       |       |       |       |     1 ||     1
         Apocalypse        |       |       |       |       |     5 ||     5
         Draw Out Power    |       |       |       |       |     1 ||     1
Ability: Breathe Fire      |       |       |       |     3 |    21 ||    24
    Use: Scroll            |     5 |     2 |     4 |     9 |     5 ||    25
         Potion            |     1 |     2 |       |     2 |     6 ||    11
   Stab: Sleeping          |     2 |       |       |       |       ||     2
         Invisible         |       |       |       |     2 |     3 ||     5
         Paralysed         |       |       |       |     3 |    11 ||    14
         Distracted        |       |       |       |       |     4 ||     4
 Armour: Animal skin       |    37 |       |       |       |       ||    37
         Skin              |     4 |    42 |    92 |   285 |   328 ||   751
  Dodge: Dodged            |    36 |   174 |   247 |   514 |   504 ||  1475
   Form: Flux              |       |     1 |       |       |       ||     1
         Blade             |       |       |     1 |       |       ||     1
         Serpent           |       |       |     1 |       |       ||     1
         Dragon            |       |       |       |     1 |       ||     1

Table legend: (Time is in decaauts)
 A = Elapsed time spent in this place.
 B = Non-inter-level travel time spent in this place.
 C = Inter-level travel time spent in this place.
 D = Time resting spent in this place.
 E = Time spent auto-exploring this place.
 F = Levels seen in this place.
 G = Mean time per level.
                   A        B        C        D        E       F      G
               +--------+--------+--------+--------+--------+-----+--------+
         Total |  19714 |  18621 |   1093 |    640 |  14452 |  23 |  857.1 |
       Dungeon |  12054 |  11347 |    707 |    157 |   8817 |  15 |  803.6 |
          Lair |   5424 |   5223 |    201 |     67 |   4359 |   5 | 1084.8 |
  Orcish Mines |   1791 |   1607 |    184 |    353 |   1036 |   2 |  895.5 |
       Ossuary |    444 |    444 |      0 |     63 |    240 |   1 |  444.0 |
               +--------+--------+--------+--------+--------+-----+--------+

Top non-repeatable levels by time:
  Lair:3: 1226 daAuts
     D:9: 1171 daAuts
     D:8: 1126 daAuts
  Lair:1: 1116 daAuts
  Lair:5: 1114 daAuts
     D:7: 1089 daAuts
     D:6: 1065 daAuts
  Lair:4: 1033 daAuts
   Orc:2: 1028 daAuts
    D:12: 1022 daAuts
    D:10: 991 daAuts
  Lair:2: 933 daAuts
    D:14: 810 daAuts
     D:4: 801 daAuts
     D:3: 778 daAuts
